Map: Frozen Temple

Players

Jim

  • Race: Protoss Protoss

Harstem - Winner!

  • Race: Protoss Protoss

Event: DreamHack Open Tours WCS Spring Championship

VOD

Have the link to the VOD?

Description

Time

  • Played on: May 14, 2016, 2:44 p.m.
  • Length: 15:16

All games in this series

Show
View Real Time Build Order
Export as new Build Order

Jim Protoss 

Build Orders:  

Get SALT Encoding   

  12  0:00  Probe (Chrono Boost)  
  13  0:11  Probe (Chrono Boost)  
  14  0:17  Pylon  
  14  0:22  Probe (Chrono Boost)  
  15  0:35  Probe (Chrono Boost)  
  16  0:37  Gateway  
  16  0:44  Assimilator  
  16  0:45  Probe (Chrono Boost)  
  17  0:50  Assimilator  
  17  0:56  Probe (Chrono Boost)  
  18  1:04  Gateway  
  18  1:07  Probe (Chrono Boost)  
  19  1:17  Probe (Chrono Boost)  
  20  1:24  Cybernetics Core  
  20  1:28  Probe (Chrono Boost)  
  20  1:32  Pylon  
  21  1:38  Probe (Chrono Boost)  
  22  1:49  Probe (Chrono Boost)  
  23  2:00  Stalker, Mothership Core (Chrono Boost)  
  27  2:02  Stalker  
  27  2:05  Warp Gate (Chrono Boost)  
  29  2:13  Pylon  
  30  2:23  Gateway  
  29  2:30  Stalker  
  31  2:37  Stalker  
  33  2:48  Pylon  
  33  2:52  Probe  
  34  3:02  Stalker  
  36  3:07  Stalker  
  36  3:11  Stalker  
  40  3:18  Probe  
  41  3:55  Stalker x2  
  41  3:56  Stalker  
  41  4:00  Pylon  
  41  4:01  Pylon  
  47  4:21  Stalker x2  
  47  4:22  Stalker  
  47  4:39  Probe  
  47  4:40  Nexus  
  48  4:48  Adept x2  
  48  4:51  Sentry  
  54  4:53  Probe  
  55  5:02  Pylon  
  55  5:20  Probe  
  56  5:25  Stargate  
  56  5:27  Adept  
  54  5:28  Stargate  
  54  5:30  Adept  
  54  5:32  Probe  
  55  5:44  Probe  
  56  5:59  Probe  
  56  6:01  Probe  
  54  6:04  Adept  
  54  6:05  Adept  
  54  6:10  Phoenix (Chrono Boost)  
  60  6:11  Phoenix (Chrono Boost)  
  60  6:13  Probe  
  60  6:17  Probe  
  64  6:25  Probe  
  63  6:26  Pylon  
  63  6:31  Probe  
  64  6:33  Phoenix (Chrono Boost)  
  64  6:34  Assimilator  
  64  6:36  Assimilator  
  64  6:39  Probe  
  65  6:44  Phoenix (Chrono Boost)  
  65  6:45  Probe  
  68  6:52  Probe, Pylon  
  69  6:57  Probe  
  69  7:00  Phoenix (Chrono Boost)  
  72  7:04  Probe  
  73  7:09  Phoenix (Chrono Boost)  
  73  7:10  Probe  
  76  7:17  Adept  
  78  7:23  Phoenix (Chrono Boost)  
  78  7:25  Probe  
  77  7:31  Phoenix (Chrono Boost)  
  77  7:36  Probe  
  80  7:39  Probe  
  81  7:44  Phoenix (Chrono Boost)  
  81  7:47  Pylon  
  83  7:56  Robotics Facility  
  83  8:00  Phoenix (Chrono Boost)  
  85  8:12  Forge  
  85  8:13  Phoenix (Chrono Boost)  
  87  8:26  Phoenix (Chrono Boost)  
  83  8:35  Probe  
  83  8:36  Probe  
  85  8:44  Observer (Chrono Boost)  
  85  8:45  Protoss Ground Weapons Level 1 (Chrono Boost)  
  86  8:51  Nexus  
  86  8:52  Probe x2  
  86  8:54  Pylon  
  88  8:58  Photon Cannon  
  88  9:07  Immortal (Chrono Boost)  
  88  9:13  Sentry x2  
  88  9:16  Zealot  
  96  9:19  Probe x2  
  94  9:31  Probe x2  
  92  9:40  Immortal  
  92  9:43  Probe  
  92  9:44  Probe  
  98  9:51  Twilight Council  
  98  9:55  Probe  
  98  9:56  Probe  
  100  10:01  Probe  
  101  10:07  Zealot x2  
  101  10:09  Zealot  
  107  10:14  Immortal  
  107  10:18  Gateway  
  107  10:19  Gateway  
  111  10:24  Gateway  
  111  10:26  Gateway  
  111  10:35  Phoenix  
  113  10:38  Phoenix  
  115  10:42  Pylon  
  115  10:45  Templar Archives  
  115  10:52  Pylon  
  115  10:54  Pylon  
  115  10:55  Charge (Chrono Boost)  
  115  10:56  Immortal  
  115  10:57  Probe  
  115  10:58  Probe  
  115  10:59  Probe  
  122  11:05  Assimilator x2  
  122  11:08  Phoenix  
  122  11:09  Probe  
  122  11:10  Probe  
  122  11:11  Protoss Ground Weapons Level 2 (Chrono Boost)  
  126  11:15  Oracle  
  129  11:20  Photon Cannon  
  129  11:36  High Templar  
  129  11:37  Zealot x2, High Templar  
  129  11:38  Zealot x2  
  141  11:42  Archon  
  141  11:43  Pylon  
  141  11:45  Pylon  
  141  11:48  Forge  
  141  12:00  Gateway  
  141  12:02  High Templar x2, Gateway  
  141  12:05  Gateway  
  141  12:06  Gateway  
  145  12:08  Archon  
  145  12:09  Immortal  
  149  12:20  Photon Cannon  
  149  12:25  High Templar x2  
  153  12:30  Archon  
  153  12:31  Pylon  
  153  12:32  Pylon  
  153  12:37  Nexus  
  153  12:39  High Templar  
  153  12:40  High Templar  
  157  12:49  Phoenix  
  159  13:02  Zealot x3  
  165  13:08  Archon  
  165  13:09  High Templar  
  165  13:12  Zealot, High Templar  
  171  13:15  Pylon, Protoss Shields Level 1  
  171  13:16  Pylon  
  171  13:17  Pylon  
  171  13:18  Zealot, Pylon, Archon  
  173  13:28  Immortal  
  173  13:30  Photon Cannon  
  177  13:35  Assimilator  
  177  13:37  Assimilator  
  177  13:44  Zealot, High Templar x2  
  177  13:45  Zealot  
  185  13:49  Archon  
  185  14:02  High Templar x2, Warp Prism  
  189  14:03  Zealot x3  
  197  14:19  Archon  
  197  14:22  Robotics Facility  
  197  14:23  Pylon  
  197  14:27  Phoenix  
  166  14:57  Zealot x4  
  166  14:58  Zealot x4  
Show
View Real Time Build Order
Export as new Build Order

Harstem Protoss - Winner!

Build Orders:  

Get SALT Encoding   

  12  0:01  Probe (Chrono Boost)  
  13  0:11  Probe (Chrono Boost)  
  14  0:17  Pylon  
  14  0:22  Probe (Chrono Boost)  
  15  0:35  Probe (Chrono Boost)  
  16  0:37  Gateway  
  16  0:46  Probe (Chrono Boost)  
  16  0:48  Assimilator  
  17  0:53  Assimilator  
  18  0:57  Probe (Chrono Boost)  
  18  1:05  Gateway  
  18  1:08  Probe (Chrono Boost)  
  19  1:19  Probe (Chrono Boost)  
  19  1:25  Cybernetics Core  
  20  1:29  Probe (Chrono Boost)  
  21  1:36  Pylon  
  21  1:40  Probe (Chrono Boost)  
  22  1:50  Probe (Chrono Boost)  
  23  2:00  Stalker  
  23  2:01  Stalker  
  27  2:05  Warp Gate (Chrono Boost)  
  27  2:12  Mothership Core  
  29  2:20  Pylon  
  29  2:33  Sentry (Chrono Boost)  
  31  2:42  Stalker (Chrono Boost)  
  33  2:59  Nexus  
  33  3:05  Sentry (Chrono Boost)  
  35  3:09  Probe  
  35  3:10  Pylon  
  36  3:17  Stalker  
  38  3:23  Probe (Chrono Boost)  
  39  3:37  Robotics Facility  
  39  3:38  Probe (Chrono Boost)  
  39  3:49  Probe (Chrono Boost)  
  40  4:00  Probe (Chrono Boost), Stalker x2  
  45  4:11  Probe (Chrono Boost)  
  47  4:24  Pylon  
  46  4:26  Stalker x2  
  46  4:36  Immortal (Chrono Boost)  
  50  4:48  Sentry  
  50  4:49  Stalker  
  52  5:01  Probe  
  53  5:10  Immortal (Chrono Boost)  
  53  5:11  Stalker  
  56  5:16  Probe (Chrono Boost)  
  56  5:19  Probe (Chrono Boost)  
  52  5:27  Probe (Chrono Boost), Stalker  
  53  5:30  Probe (Chrono Boost)  
  54  5:38  Probe (Chrono Boost)  
  54  5:42  Probe (Chrono Boost)  
  56  5:44  Stalker, Observer  
  56  5:49  Probe (Chrono Boost)  
  60  5:55  Probe (Chrono Boost)  
  60  5:59  Probe (Chrono Boost)  
  60  6:00  Warp Prism  
  60  6:02  Stalker  
  61  6:07  Probe (Chrono Boost)  
  61  6:10  Probe (Chrono Boost)  
  65  6:18  Probe (Chrono Boost)  
  66  6:22  Probe (Chrono Boost)  
  66  6:25  Twilight Council  
  67  6:28  Probe (Chrono Boost)  
  67  6:33  Probe (Chrono Boost), Sentry  
  67  6:39  Probe (Chrono Boost)  
  70  6:40  Pylon  
  70  6:41  Assimilator  
  70  6:53  Assimilator  
  70  6:57  Forge  
  70  6:59  Probe x2 (Chrono Boost)  
  70  7:00  Blink (Chrono Boost)  
  72  7:07  Adept x2  
  76  7:09  Probe x2 (Chrono Boost)  
  78  7:20  Phoenix  
  78  7:26  Protoss Ground Weapons Level 1 (Chrono Boost)  
  78  7:29  Pylon  
  78  7:31  Probe (Chrono Boost)  
  78  7:32  Probe (Chrono Boost)  
  78  7:33  Pylon  
  78  7:36  Pylon  
  76  7:43  Probe (Chrono Boost)  
  77  7:47  Probe (Chrono Boost)  
  77  7:48  Nexus  
  78  7:54  Probe  
  78  7:56  Gateway  
  79  7:59  Probe  
  80  8:06  Probe  
  80  8:08  Stalker x2  
  80  8:12  Probe  
  84  8:17  Gateway  
  84  8:23  Probe  
  81  8:30  Stalker x2  
  81  8:36  Probe (Chrono Boost)  
  81  8:39  Probe (Chrono Boost)  
  83  8:47  Photon Cannon  
  83  8:48  Mothership Core  
  85  8:51  Probe, Gateway  
  86  8:56  Sentry  
  86  8:57  Stalker  
  86  8:58  Sentry  
  86  8:59  Templar Archives  
  86  9:01  Protoss Ground Weapons Level 2  
  92  9:03  Probe  
  91  9:19  Probe  
  91  9:21  Pylon  
  92  9:24  Gateway  
  92  9:29  Probe  
  93  9:31  Stalker x2  
  93  9:32  Stalker  
  98  9:40  Probe  
  98  9:42  Probe x2  
  101  9:52  High Templar x2  
  105  10:06  Probe  
  106  10:10  Probe  
  106  10:11  Probe  
  108  10:14  Assimilator  
  108  10:17  Assimilator  
  108  10:19  Immortal (Chrono Boost)  
  108  10:20  Pylon  
  112  10:21  Gateway x2  
  112  10:22  Pylon  
  112  10:26  Robotics Facility  
  112  10:29  Robotics Bay  
  112  10:32  Adept x3  
  118  10:38  Stalker x2  
  122  10:46  Pylon  
  122  10:50  Pylon  
  122  10:54  Stalker x3  
  128  11:10  Photon Cannon  
  128  11:13  Gateway  
  128  11:14  Resonating Glaives (Chrono Boost)  
  128  11:15  Disruptor (Chrono Boost), Gateway  
  128  11:18  Photon Cannon  
  131  11:22  Pylon  
  131  11:23  Pylon  
  131  11:29  Disruptor  
  131  11:31  Protoss Ground Weapons Level 3 (Chrono Boost)  
  134  11:49  Disruptor  
  137  11:57  Nexus, Adept x2  
  137  11:58  Pylon  
  141  12:06  Probe, Pylon  
  141  12:07  Disruptor  
  145  12:13  Probe  
  146  12:24  Disruptor  
  146  12:27  Adept  
  146  12:28  Adept x5  
  162  12:33  Pylon  
  161  12:39  Adept x2  
  161  12:42  Disruptor  
  161  12:43  High Templar x2  
  172  12:48  Archon  
  172  13:00  Disruptor  
  172  13:03  Stalker x4  
  183  13:13  Probe  
  183  13:16  Photon Cannon  
  183  13:17  Probe  
  183  13:19  Photon Cannon  
  185  13:20  Probe  
  185  13:22  Assimilator  
  186  13:30  Disruptor  
  189  13:37  Disruptor  
  192  13:45  Pylon  
  192  13:47  Pylon  
  192  13:53  Assimilator  
  192  14:00  Adept x4  
  200  14:19  Photon Cannon  
  200  14:20  Photon Cannon  
  200  14:21  Photon Cannon  
  200  14:23  Photon Cannon  
  200  14:25  Gateway  
  200  14:27  Pylon  
  200  14:28  Photon Cannon  
  196  14:46  Photon Cannon  
  160  15:06  Adept x10  

Tags
 
Add a new tag
Caveats
  • Supply blocks, unpowered buildings, or Contaminate may cause inaccurate times.
  • Supply counts are checked every 10 seconds.